 Dungeon Crawl Stone Soup version 0.28.0-62-gf88900778d (webtiles) character file.

Game seed: 13140356433300552780

22727 cbfl8 the Cleaver (level 12, -12/162 HPs)
             Began as a Minotaur Berserker on Oct 1, 2023.
             Was an Elder of Trog.
             Mangled by a death knight
             ... wielding a +0 glaive
              (31 damage)
             ... on level 12 of the Dungeon.
             The game lasted 00:15:44 (17961 turns).

cbfl8 the Cleaver (Minotaur Berserker)             Turns: 17961, Time: 00:15:44

Health: -12/162    AC: 21    Str: 23    XL:     12   Next: 65%
Magic:  3/3        EV:  7    Int:  4    God:    Trog [****..]
Gold:   1127       SH: 13    Dex: 14    Spells: 11/11 levels left

rFire   + . .      SeeInvis .   Q - +4 broad axe (antimagic)
rCold   . . .      Faith    .   s - +2 kite shield
rNeg    . . .      Spirit   .   a - +0 plate armour
rPois   +          Reflect  .   (helmet restricted)
rElec   .          Harm     .   n - +1 cloak
rCorr   .          Rampage  .   H - +0 pair of gloves
Will    .....                   C - +0 pair of boots
Stlth   ..........              c - amulet of magic regeneration
HPRegen 0.37/turn               e - ring of protection from fire
MPRegen 0.48/turn               K - ring of poison resistance

@: berserking (expiring), very quick
A: horns 2, retaliatory headbutt
a: Renounce Religion, Berserk, Trog's Hand, Brothers in Arms


You were on level 12 of the Dungeon.
You worshipped Trog.
Trog was greatly pleased with you.
You visited 1 branch of the dungeon, and saw 12 of its levels.

You collected 1127 gold pieces.

Inventory:

Hand Weapons
 l - a +0 war axe
 Q - a +4 antimagic broad axe (weapon)
Missiles
 D - 2 throwing nets
Armour
 a - a +0 plate armour (worn)
 n - a +1 cloak (worn)
 s - a +2 kite shield (worn)
 C - a +0 pair of boots (worn)
 H - a +0 pair of gloves (worn)
Jewellery
 c - an amulet of magic regeneration (around neck)
 e - a ring of protection from fire (left hand)
 y - a ring of protection from cold
 K - a ring of poison resistance (right hand)
 O - a +4 ring of evasion
Wands
 d - a wand of flame (13)
 g - a wand of charming (7)
 r - a wand of mindburst (9) (quivered)
 M - a wand of polymorph (4)
 N - a wand of acid (2)
Scrolls
 f - 3 scrolls of noise
 h - 5 scrolls of enchant armour
 i - 3 scrolls of amnesia {unknown}
 k - 3 scrolls of fog
 p - a scroll of brand weapon
 q - a scroll of silence
 w - a scroll of vulnerability {unknown}
 E - 2 scrolls of immolation
 I - 2 scrolls of torment {unknown}
 L - a scroll of enchant weapon
Potions
 b - a potion of lignification {unknown}
 j - 6 potions of curing
 o - a potion of ambrosia {unknown}
 t - a potion of magic {unknown}
 u - 2 potions of flight {unknown}
 v - a potion of brilliance {unknown}
 z - 2 potions of haste
 A - 2 potions of cancellation {unknown}
 B - 4 potions of might {unknown}
 F - a potion of mutation {unknown}
 G - a potion of berserk rage {unknown}
 J - 3 potions of attraction {unknown}


   Skills:
 + Level 10.7 Fighting
 + Level 14.9 Axes
 + Level 12.1 Armour
 - Level 2.1 Dodging
 + Level 8.5 Shields
 * Level 9.0 Evocations


You had 11 spell levels left.
You didn't know any spells.
Your spell library was empty.

Dungeon Overview and Level Annotations

Branches:
Dungeon (12/15)            Temple (0/1) D:5            Lair (0/6) D:9
    Orc (0/2) D:12

Altars:
Cheibriados
Kikubaaqudgha
Beogh

Shops:
D:1 ?   D:10 (

Annotations:
D:5 2 transporters, cbfl8's ghost, novice MfGl
D:7 1 runed translucent door, tkbsonic5's ghost, novice HuCA


Innate Abilities, Weirdness & Mutations

You have a pair of horns on your head.
You reflexively headbutt those who attack you in melee.


Message History

You feel yourself moving faster!
You feel mighty!
The death knight hits you but does no damage.
You feel a strong urge to attack something.
The death knight hits you with a +0 glaive!
You barely miss the death knight. Your headbutt misses the death knight.
You slash the death knight!
The death knight is lightly wounded.
The death knight closely misses you. You furiously retaliate!
You headbutt the death knight! You closely miss the death knight.
You headbutt the death knight, but do no damage.
The death knight is moderately wounded.
You hit the death knight. You headbutt the death knight.
The death knight is moderately wounded.
The death knight offers itself to Yredelemnul, and fills with unholy energy.
You slash the death knight!
The death knight is heavily wounded.
The death knight reflects your damage back at you!
The death knight calls down the wrath of Yredelemnul upon you.
Your body is wracked with pain!
You slice the death knight!!
The death knight is severely wounded.
The death knight reflects your damage back at you!
You hit the death knight but do no damage.
The death knight is severely wounded.
The death knight mumbles some strange prayers to Yredelemnul against you.
Your body is wracked with pain!
* * * LOW HITPOINT WARNING * * *
You slice the death knight!!
The death knight is almost dead.
The death knight reflects your damage back at you!
* * * LOW HITPOINT WARNING * * *
The death knight hits you but does no damage.
You closely miss the death knight.
The death knight is almost dead.
You closely miss the death knight.
You headbutt the death knight, but do no damage.
The death knight is almost dead.
The death knight hits you with a +0 glaive!!
You die...

###### ##.## ##.###.#.#.#######
.....# #.## ##.#.##.##.....<.
####.# #.# #..........#####
#.#####.## ##.#.##.#...#
#......#.## ##...........#####
######.##.###.#.###..>........
#.##....##.# #....(......
#.##...<...###......###..
#....##.@p.........(.....
##..#..########.########..
#..###..# #.# ##. ###.##.##.###
#.# ## ######....#.#....##
##.##########
....#..#.##.##.#..###............
###...####...####..##.###########
#..##..).)(..(##..#.#..........
###...##'#...####.....#.........)


You could see a death knight (reflects damage).

Vanquished Creatures
  4 boulder beetles
  An ogre mage (D:11)
  5 two-headed ogres
  Sonja (D:10)
  A phantasmal warrior (D:11)
  A deep elf pyromancer (D:12)
  3 ugly things
  2 manticores (D:11)
  2 cyclopes
  Maggie (D:9)
  4 gargoyles
  An unseen horror (D:12)
  An efreet (D:11)
  2 kobold demonologists (D:11)
  2 komodo dragons
  2 trolls
  5 wraiths
  Sigmund (D:2)
  3 shadows
  2 wyverns
  A yak (D:11)
  4 vampire mosquitoes (D:11)
  An acid dragon (D:12)
  2 ice beasts
  A swamp drake (D:12)
  14 orc warriors
  A black bear (D:8)
  2 sky beasts
  4 ogres
  9 centaurs
  A phantom (D:7)
  4 kobold brigands
  Blork the orc (D:6)
  2 bullfrogs
  3 gnoll sergeants
  A water moccasin zombie (D:5)
  A wyvern zombie (D:7)
  A scorpion (D:6)
  7 killer bees
  5 wights (D:9)
  A vampire bat (D:3)
  5 howler monkeys
  6 centaur zombies
  A bullfrog zombie (D:6)
  3 hounds
  Crazy Yiuf (D:2)
  A centaur skeleton (D:6)
  11 orc priests
  A jelly (D:6)
  2 iguanas
  13 orc wizards
  A killer bee zombie (D:8)
  2 hound skeletons (D:4)
  A howler monkey zombie (D:9)
  A mummy (D:10)
  6 gnolls
  6 adders
  A howler monkey skeleton (D:6)
  A shadow imp (D:5)
  2 white imps
  An ufetubus (D:4)
  2 adder skeletons
  5 dart slugs
  3 fire bats (D:3)
  61 orcs
  2 spectral bats (D:3)
  4 ball pythons
  16 bats
  3 bat skeletons (D:3)
  A bat zombie (D:3)
  8 endoplasms
  3 giant cockroaches
  4 goblins
  5 hobgoblins
  7 jackals (D:4)
  6 quokkas
  A bat simulacrum (D:3)
  4 frilled lizards (D:1)
  19 kobolds
330 creatures vanquished.

Vanquished Creatures (others)
  2 withered plants (D:7)
2 creatures vanquished.

Grand Total: 332 creatures vanquished

Notes
Turn   | Place    | Note
-------+----------+-------------------------------------------
     0 | D:1      | cbfl8 the Minotaur Berserker began the quest for the Orb.
     0 | D:1      | Reached XP level 1. HP: 19/19 MP: 0/0
   302 | D:1      | Reached XP level 2. HP: 27/27 MP: 1/1
   365 | D:1      | Reached skill level 4 in Axes
   398 | D:1      | Found Elorgh Tobb's Magic Scroll Shoppe.
   735 | D:1      | Reached XP level 3. HP: 32/33 MP: 2/2
  1022 | D:2      | Found a faded altar of an unknown god.
  1041 | D:2      | Reached ** piety under Trog
  1042 | D:2      | Reached skill level 1 in Evocations
  1051 | D:2      | Noticed Sigmund
  1057 | D:2      | Killed Sigmund
  1058 | D:2      | Reached skill level 5 in Axes
  1058 | D:2      | Reached XP level 4. HP: 36/41 MP: 3/3
  1058 | D:2      | Reached XP level 5. HP: 42/47 MP: 4/4
  1138 | D:2      | Found a runed translucent door.
  1139 | D:2      | Noticed Crazy Yiuf
  1407 | D:2      | Found an ancient bone altar of Kikubaaqudgha.
  2191 | D:2      | Killed Crazy Yiuf
  2192 | D:2      | Reached skill level 5 in Fighting
  2574 | D:3      | Reached XP level 6. HP: 55/56 MP: 5/5
  2626 | D:3      | Reached skill level 6 in Axes
  3381 | D:4      | Reached *** piety under Trog
  3548 | D:4      | Reached XP level 7. HP: 61/61 MP: 6/6
  3936 | D:5      | Entered Level 5 of the Dungeon
  4030 | D:5      | Found a staircase to the Ecumenical Temple.
  4045 | D:5      | Noticed cbfl8's ghost (novice MfGl)
  4050 | D:5      | Found a transporter.
  4065 | D:5      | Found a transporter.
  4096 | D:5      | Reached skill level 7 in Axes
  4233 | D:5      | Reached skill level 5 in Armour
  5190 | D:6      | Reached XP level 8. HP: 66/70 MP: 7/7
  5265 | D:6      | Reached skill level 8 in Axes
  5664 | D:6      | Reached **** piety under Trog
  5928 | D:6      | Reached skill level 9 in Axes
  6087 | D:6      | Reached skill level 1 in Shields
  6237 | D:6      | Noticed Blork the orc
  6241 | D:6      | Killed Blork the orc
  6389 | D:7      | Found a runed translucent door.
  6391 | D:7      | Noticed tkbsonic5's ghost (novice HuCA)
  7038 | D:7      | Reached XP level 9. HP: 74/78 MP: 8/8
  7607 | D:8      | Noticed a two-headed ogre
  7617 | D:8      | Killed a two-headed ogre
  7618 | D:8      | Reached skill level 10 in Axes
  7618 | D:8      | Reached skill level 5 in Evocations
  9025 | D:9      | Reached XP level 10. HP: 63/85 MP: 9/9
  9030 | D:9      | Reached ***** piety under Trog
  9390 | D:9      | Noticed a two-headed ogre
  9408 | D:9      | Killed a two-headed ogre
  9409 | D:9      | Reached skill level 11 in Axes
  9417 | D:9      | Reached skill level 5 in Shields
  9649 | D:9      | Noticed Maggie
  9659 | D:9      | Killed Maggie
  9787 | D:9      | Found a staircase to the Lair.
 10242 | D:9      | Noticed a cyclops
 10252 | D:9      | Killed a cyclops
 10545 | D:10     | Entered Level 10 of the Dungeon
 10608 | D:10     | Reached skill level 12 in Axes
 10684 | D:10     | Reached skill level 10 in Armour
 10684 | D:10     | Reached XP level 11. HP: 61/95 MP: 10/10
 10903 | D:10     | Found Utza's Antique Weapon Shop.
 11306 | D:10     | Found a snail-covered altar of Cheibriados.
 11426 | D:10     | Noticed Sonja
 11432 | D:10     | Killed Sonja
 12070 | D:11     | Received a gift from Trog
 12188 | D:11     | Noticed a boulder beetle
 12221 | D:11     | Killed a boulder beetle
 12222 | D:11     | Reached skill level 13 in Axes
 12583 | D:11     | Noticed a boulder beetle
 12586 | D:11     | Noticed a red ugly thing
 12586 | D:11     | Noticed a purple ugly thing
 12593 | D:11     | Noticed an eight-headed hydra
 12618 | D:11     | Killed a boulder beetle
 13561 | D:11     | Killed a red ugly thing
 13561 | D:11     | Killed a red ugly thing
 13681 | D:11     | Noticed a boulder beetle
 14148 | D:11     | Killed a boulder beetle
 14149 | D:11     | Reached XP level 12. HP: 35/106 MP: 3/11
 14432 | D:11     | Noticed a two-headed ogre
 14433 | D:11     | Noticed a two-headed ogre
 14437 | D:11     | Killed a two-headed ogre
 14438 | D:11     | Reached skill level 10 in Fighting
 14442 | D:11     | Killed a two-headed ogre
 14443 | D:11     | Reached skill level 14 in Axes
 14943 | D:11     | Noticed an ogre mage
 14949 | D:11     | Paralysed by an ogre mage for 6 turns
 14959 | D:11     | Killed an ogre mage
 15443 | D:12     | Found a staircase to the Orcish Mines.
 15749 | D:12     | Received a gift from Trog
 16020 | D:12     | Noticed a two-headed ogre
 16030 | D:12     | Killed a two-headed ogre
 17035 | D:12     | Noticed a death knight
 17492 | D:12     | Noticed a boulder beetle
 17520 | D:12     | Killed a boulder beetle
 17961 | D:12     | Mangled by a death knight

Illustrated notes

Levels and vault maps discovered:
D:1:      minmay_arrival_stone_box, layout_basic, serial_shops, shop_scrolls
D:2:      layout_basic, ebering_ecumenical_altar_ruins, basic_altar,
          lemuel_old_faithful, uniq_sigmund, uniq_crazy_yiuf_cottage
D:3:      layout_basic, goddamned_bats
D:4:      layout_loops_ring
D:5:      layout_gridville, minmay_temple_entry_statues_pillars,
          gammafunk_ghost_arena, roderic_filled_cross, nicolae_zen_rock_garden,
          minmay_misc_feat_pillars
D:6:      layout_loops_ring, minmay_misc_feat_square, minmay_misc_feat_rugged,
          uniq_blork_the_orc
D:7:      layout_basic, gammafunk_ghost_grave
D:8:      layout_rooms, special_room [special_room_orc]
D:9:      wander_river, layout_loops_ring, dpeg_oklobed_lair,
          grunt_ministairs_4, minmay_puff, uniq_maggie
D:10:     layout_loops_ring, slow_altar_1, serial_shops, nicolae_square_shop,
          uniq_sonja
D:11:     cheibrodos_ideogram_h, layout_loops_ring, fountainhead
D:12:     layout_loops_ring, erik_orc_1, gauntlet_entry_generic,
          minmay_fractal_squares_gapless_5

Skill      XL: |  1  2  3  4  5  6  7  8  9 10 11 12 |
---------------+-------------------------------------+-----
Axes           | 4 5 6 7 9 10 12 13 14 | 14.9
Fighting       | 4 5 6 7 8 9 10 | 10.7
Evocations     | 1 2 3 4 5 6 8 9 |  9.0
Armour         | 3 4 5 7 8 10 11 12 | 12.1
Shields        | 1 4 6 7 8 |  8.5
Dodging        | |  2.1

Action                   |  1- 3 |  4- 6 |  7- 9 | 10-12 || total
-------------------------+-------+-------+-------+-------++-------
Melee: Hand axe          |    62 |   122 |   301 |       ||   485
       Headbutt          |    10 |    27 |    90 |   128 ||   255
       Punch             |       |     1 |     1 |       ||     2
       War axe           |       |       |    85 |   256 ||   341
       Broad axe         |       |       |       |   279 ||   279
Invok: Berserk           |       |     1 |     4 |     8 ||    13
       Trog's Hand       |       |       |       |     1 ||     1
Evoke: Wand              |       |       |       |    12 ||    12
  Use: Scroll            |     1 |       |    10 |     7 ||    18
       Potion            |       |       |     2 |     4 ||     6
 Stab: Paralysed         |       |       |       |     8 ||     8
Armor: Animal skin       |     2 |       |       |       ||     2
       Ring mail         |    15 |     3 |       |       ||    18
       Chain mail        |       |    79 |   168 |       ||   247
       Scale mail        |       |    10 |       |       ||    10
       Plate armour      |       |       |    31 |   352 ||   383
Dodge: Dodged            |    33 |    74 |   109 |   142 ||   358
Block: Kite shield       |       |       |   122 |   289 ||   411
